 Dungeon Crawl Stone Soup version 0.20.1-1-g8b1a95d (webtiles) character file.

324 markt42 the Covered (level 6, 0/38 HPs)
             Began as a Gargoyle Fighter on Dec 2, 2017.
             Was an Initiate of Okawaru.
             Killed from afar by an orc wizard (1 damage)
             ... with a magic dart
             ... on level 4 of the Dungeon.
             The game lasted 00:03:20 (2799 turns).

markt42 the Covered (Gargoyle Fighter)              Turns: 2799, Time: 00:03:21

Health: 0/38       AC: 11    Str: 19    XL:     6   Next: 48%
Magic:  6/6        EV:  7    Int:  9    God:    Okawaru [......]
Gold:   150        SH:  9    Dex: 11    Spells: 5/5 levels left

rFire    . . .     SeeInvis .   a - +0 flail
rCold    . . .     Gourm    .   c - +0 shield
rNeg     + . .     Faith    .   b - +0 scale mail
rPois    ∞         Spirit   .   (no helmet)
rElec    +         Reflect  .   (no cloak)
rCorr    .         Harm     .   (no gloves)
MR       .....                  (no boots)
Stlth    ..........             (no amulet)
Regen    0.2/turn               (no ring)
MPRegen  0.1/turn               (no ring)

@: hasted and slowed
A: negative energy resistance 1, electricity resistance, unbreathing,
petrification resistance, rot immunity, AC +4
a: Renounce Religion


You were on level 4 of the Dungeon.
You worshipped Okawaru.
Okawaru was noncommittal.
You were hungry.

You visited 2 branches of the dungeon, and saw 5 of its levels.

You collected 150 gold pieces.

Inventory:

Hand Weapons
 a - a +0 flail (weapon)
Armour
 b - a +0 scale mail (worn)
 c - a +0 shield (worn)
Wands
 t - a wand of enslavement (13/24)
Scrolls
 d - a scroll of magic mapping {unknown}
 e - 3 scrolls of identify {unknown}
 i - 2 scrolls of teleportation {unknown}
 k - a scroll of enchant weapon {unknown}
 l - 4 scrolls of remove curse {unknown}
 m - 2 scrolls of random uselessness {unknown}
 n - 2 scrolls of amnesia {unknown}
 o - a scroll of immolation {unknown}
 p - a scroll of fear {unknown}
 q - a scroll of recharging {unknown}
Comestibles
 f - a bread ration
 g - a meat ration
 j - 4 chunks of flesh
 s - 2 royal jellies


   Skills:
 + Level 4.0 Fighting
 * Level 4.4 Maces & Flails
 * Level 4.6 Armour
 + Level 0.8 Dodging
 + Level 4.5 Shields


You had 5 spell levels left.
You didn't know any spells.

Dungeon Overview and Level Annotations

Branches:
Dungeon (4/15)             Temple (1/1) D:4

Altars:
Ashenzari
Cheibriados
Dithmenos
Elyvilon
Fedhas
Gozag
Hepliaklqana
Kikubaaqudgha
Makhleb
Nemelex Xobeh
Okawaru
Qazlal
Ru
Sif Muna
Trog
Uskayaw
Vehumet
Xom
Yredelemnul
Zin


Innate Abilities, Weirdness & Mutations

You are resistant to torment.
Your stone body is resilient. (AC +4)
You are immune to poison.
You resist negative energy. (rN+)
You are resistant to electric shocks. (rElec)
You can survive without breathing.
You are immune to petrification.
You are immune to rotting.


Message History

The dart slug bites you but does no damage.
Items here: )) [ †† a hand axe; a mace; a scale mail; an orc corpse; a scorpion corpse You hit the dart slug but do no damage.
The orc wizard hits you but does no damage.
The orc wizard barely misses you. The dart slug completely misses you.
You hit the dart slug.
The dart slug is heavily wounded.
You block the orc wizard's attack.
The orc wizard mumbles some strange words.
The orc wizard blinks!
The orc wizard gestures at you while chanting.
The magic dart hits you!
* * * LOW HITPOINT WARNING * * *
The dart slug barely misses you.
You hit the dart slug.
The dart slug is almost dead.
The orc wizard points at you and mumbles some strange words.
The magic dart hits you!
You die...

#...........# ..
#..........(# ..
#...........# ..
#.....[.#.### #.
#####.###.# #. ##.###.###
# #. #.#.##...##
#..##.######o...###..##
#..%....w@o..##.##....#
#.[####.####..##)##.##.##
##..$..##.§#.........###
#...oo..#..............#
#.!o....#..#..⌠...⌠..#.#
#....._.$....#.........#.#
#.#.......#.......>......#
#.#...§...#..#.........#..
# ##.....##..#..⌠...⌠..#.#


You could see 2 orc wizards and a dart slug.

Vanquished Creatures
  A scorpion (D:4)
  A howler monkey (D:4)
  An iguana (D:4)
  2 orc wizards (D:4)
  4 gnolls
  3 adders (D:2)
  2 oozes (D:2)
  3 worms
  A dart slug (D:1)
  3 leopard geckos
  5 orcs (D:4)
  A ball python (D:3)
  8 bats
  6 giant cockroaches
  6 goblins
  9 hobgoblins
  4 jackals (D:2)
  2 quokkas
  11 frilled lizards
  6 kobolds
  5 rats
84 creatures vanquished.

Notes
Turn   | Place    | Note
-------+----------+-------------------------------------------
     0 | D:1      | markt42 the Gargoyle Fighter began the quest for the Orb.
     0 | D:1      | Reached XP level 1. HP: 14/14 MP: 1/1
   166 | D:1      | Reached XP level 2. HP: 18/19 MP: 2/2
   441 | D:1      | Reached XP level 3. HP: 18/23 MP: 3/3
   994 | D:2      | Found an ancient bone altar of Kikubaaqudgha.
   997 | D:2      | Reached XP level 4. HP: 28/28 MP: 4/4
  1212 | D:2      | Found a faded altar of an unknown god.
  1607 | D:3      | Reached XP level 5. HP: 28/32 MP: 5/5
  2275 | D:4      | Found a staircase to the Ecumenical Temple.
  2293 | Temple   | Entered the Ecumenical Temple
  2501 | Temple   | Became a worshipper of Warmaster Okawaru
  2622 | D:4      | Reached XP level 6. HP: 23/38 MP: 6/6
  2723 | D:4      | Found a hide-covered altar of Uskayaw.
  2798 | D:4      | HP: 1/38 [orc wizard/magic dart (4)]
  2799 | D:4      | Killed from afar by an orc wizard

Skill      XL: |  1  2  3  4  5  6 |
---------------+-------------------+-----
Maces & Flails | 3 4 |  4.4
Shields        | 4 |  4.5
Armour         | 4 |  4.6
Fighting       | 4 |  4.0
Dodging        | |  0.8

Action                   |  1- 3 |  4- 6 || total
-------------------------+-------+-------++-------
Melee: Flail             |   104 |   266 ||   370
  Use: Potion            |       |     5 ||     5
  Eat: Chunk             |       |     6 ||     6
Armor: Scale mail        |    47 |   222 ||   269
Dodge: Dodged            |    23 |   100 ||   123
Block: Shield            |    67 |   188 ||   255
